AoeStats
← KangourouGarou

Northern Isles

510280060Analyzed
1v1 RM · 6h ago on Sep 30, 2026· 68m 18s· 2 players
Game mode
Random Map
Map size
Tiny (2 player)
Population
200
Speed
Normal
Resources
Standard
Victory
Conquest
Starting age
Dark Age
Ending age
Imperial Age
RankedLock teamsTeams togetherTeam positionsShared explorationLock speedFull tech treeHidden civsTurbo modeCheats
Victory
Defeat
🇫🇷 Varangians · France
796
+26
🇨🇿 Bohemians · Czechia
810
-17
KangourouGarou
10:29 Feudal Age
8:46 Loom
10:52 Fishing Lines
11:02 Double-Bit Axe
16:36 Wheelbarrow
16:05 Gold Mining
16:29 Stone Mining
21:15 Castle Age
19:35 Fletching
22:16 Bow Saw
22:44 Stone Shaft Mining
22:02 Gillnets
22:12 Bodkin Arrow
26:23 Careening
27:47 Hand Cart
34:59 Imperial Age
38:52 Bracer
41:36 Elite Longship
48:06 Town Watch
47:44 Elite Jarl
49:32 Chemistry
48:53 Ballistics
48:44 Clinker Construction
56:11 Shipwright
56:12 Dry Dock
56:14 Carvel Hull
56:40 Town Patrol
58:26 Two-Man Saw
67:26 Spies/Treason
Black AnGeL
11:03 Feudal Age
12:06 Double-Bit Axe
13:59 Fishing Lines
15:08 Horse Collar
19:39 Castle Age
17:50 Scale Barding Armor
19:40 Forging
20:42 Bow Saw
20:34 Heavy Plow
21:09 Fletching
23:06 Husbandry
26:01 Town Watch
34:53 Bodkin Arrow
35:49 Elite Skirmisher
38:39 Town Patrol
39:15 Wheelbarrow
40:37 Chemistry
39:58 Ballistics
39:52 Padded Archer Armor
43:53 Imperial Age
41:21 Guard Tower
49:57 Light Cavalry
51:27 Chain Barding Armor
51:43 Iron Casting
55:21 Blast Furnace
55:16 Arrowslits
55:52 Bombard Tower
Connection lost

Rejoining the realm…

Still unreachable

The connection could not be restored.

Session expired

The server has moved on; the page needs a fresh start.